Map: Ehrenstätte LE

Players

paca

  • Race: Zerg Zerg
  • League: Silver
  • Spawn Location: 7:00

Nebrot - Winner!

  • Race: Zerg Zerg
  • League: Bronze
  • Spawn Location: 1:00

VOD

Have the link to the VOD?

Description

Time

  • Played on: Feb. 17, 2017, 4:15 p.m.
  • Length: 7:03
Show
View Real Time Build Order
Export as new Build Order

paca Zerg 

Build Orders: Pool Only 

Get SALT Encoding   

  12  0:20  Spawning Pool  
  11  0:24  Drone  
  11  0:27  Drone  
  13  0:36  Overlord  
  13  0:42  Drone  
  14  0:54  Extractor  
  14  0:56  Drone  
  14  0:59  Drone  
  15  1:06  Queen  
  15  1:09  Zergling x2  
  18  1:19  Zergling x2  
  19  1:29  Zergling x2  
  20  1:40  Zergling x2  
  21  2:02  Metabolic Boost  
  21  2:06  Evolution Chamber, Overlord  
  20  2:08  Zergling x2  
  21  2:25  Zergling x8  
  25  2:49  Zerg Melee Weapons Level 1  
  25  3:06  Zergling x6  
  25  3:07  Zergling x4  
  21  3:49  Zergling x8  
  21  3:55  Zergling x2  
  25  4:47  Spine Crawler  
  25  4:48  Spine Crawler  
  25  4:49  Spine Crawler  
  25  4:52  Spine Crawler  
  21  4:58  Zergling x2  
  21  4:59  Zergling x2  
  23  5:02  Overlord x4  
  23  5:11  Spine Crawler  
  18  5:22  Queen  
  18  5:24  Zergling x6  
  19  5:36  Drone  
  12  6:12  Drone  
Show
View Real Time Build Order
Export as new Build Order

Nebrot Zerg - Winner!

Build Orders: Hatch First 

Get SALT Encoding   

  12  0:03  Drone  
  13  0:08  Drone  
  14  0:18  Overlord  
  14  0:36  Drone  
  14  0:37  Drone x2  
  17  0:55  Hatchery  
  17  0:57  Drone  
  17  1:14  Spawning Pool, Drone  
  17  1:36  Hatchery  
  16  1:43  Drone  
  17  2:01  Spine Crawler  
  17  2:03  Zergling x4  
  18  2:09  Queen  
  18  2:13  Queen  
  22  2:21  Overlord  
  22  2:23  Zergling x2  
  23  2:45  Drone x2  
  23  2:46  Drone x3  
  28  2:52  Queen  
  30  3:04  Zergling x6  
  30  3:05  Zergling x2  
  33  3:34  Zergling x2  
  33  3:35  Zergling x14  
  33  3:37  Overlord x2  
  39  3:57  Queen  
  41  4:03  Zergling x14  
  48  4:17  Queen  
  46  4:29  Zergling x6  
  46  4:30  Zergling x2  
  50  5:20  Zergling x8  
  52  5:29  Overlord x2  
  52  5:30  Zergling x12  
  47  5:46  Drone x3  
  44  5:57  Spine Crawler  
  41  6:10  Queen  
  43  6:13  Hatchery  
Tags
 
Add a new tag
Caveats
  • Supply blocks, unpowered buildings, or Contaminate may cause inaccurate times.
  • Supply counts are checked every 10 seconds.